 Dungeon Crawl Stone Soup version 0.25-a0-464-g3004169c2b (webtiles) character file.

Game seed: 13971256763666726787, levelgen mode: deterministic

1185 ReteAZ the Fighter (level 8, -9/71 HPs)
             Began as a Gnoll Wanderer on Feb 4, 2020.
             Was an Initiate of Cheibriados.
             Mangled by an ogre
             ... wielding a +0 giant spiked club
              (16 damage)
             ... on level 5 of the Dungeon.
             The game lasted 00:06:19 (3741 turns).

ReteAZ the Fighter (Gnoll Wanderer)                 Turns: 3741, Time: 00:06:20

Health: -9/71      AC: 16    Str: 16 (18) XL:     8   Next: 42%
Magic:  0/12       EV: 11    Int: 17      God:    Cheibriados [......]
Gold:   119        SH:  0    Dex: 18 (19) Spells: 13/13 levels left

rFire    . . .     SeeInvis .   u - +0 hand axe (freeze)
rCold    . . .     Gourm    .   (no shield)
rNeg     . . .     Faith    .   j - +0 plate armour
rPois    .         Spirit   +   x - +2 helmet
rElec    .         Reflect  .   m - scarf {Spirit}
rCorr    .         Harm     .   p - +0 pair of gloves
MR       .....                  (no boots)
Stlth    ..........             (no amulet)
HPRegen  0.21/turn              (no ring)
MPRegen  0.13/turn              (no ring)

@: agile, berserk cooldown, very slow
A: distributed training, fangs 1, strong nose
a: Bend Time, Renounce Religion


You were on level 5 of the Dungeon.
You worshipped Cheibriados.
Cheibriados was noncommittal.
You were not hungry.

You visited 2 branches of the dungeon, and saw 6 of its levels.

You collected 119 gold pieces.

Inventory:

Hand Weapons
 a - a +0 mace
 u - a +0 hand axe of freezing (weapon)
Armour
 e - a +0 robe
 j - a +0 plate armour (worn)
 m - a scarf of spirit shield (worn)
 p - a +0 pair of gloves (worn)
 x - a +2 helmet (worn)
Jewellery
 v - an uncursed ring of flight {unknown}
 w - an uncursed ring of wizardry {unknown}
Scrolls
 c - a scroll of fear
 h - 4 scrolls of identify {unknown}
 k - 2 scrolls of remove curse {unknown}
 l - 3 scrolls of noise {unknown}
 n - a scroll of magic mapping {unknown}
 o - 3 scrolls of teleportation {unknown}
 q - a scroll of enchant armour {unknown}
 s - a scroll of fog {unknown}
Potions
 b - 3 potions of haste
 d - a potion of lignification
 i - 3 potions of degeneration
 t - a potion of berserk rage
Comestibles
 f - 9 rations
 r - 4 chunks of flesh


   Skills:
 + Level 9.1 Fighting
 + Level 3.2 Short Blades
 + Level 3.2 Long Blades
 + Level 3.2 Axes
 + Level 4.1 Maces & Flails
 + Level 3.2 Polearms
 + Level 3.2 Staves
 + Level 3.2 Slings
 + Level 3.2 Bows
 + Level 3.2 Crossbows
 + Level 3.2 Throwing
 + Level 4.1 Armour
 + Level 4.1 Dodging
 + Level 3.2 Stealth
 + Level 4.1 Shields
 + Level 4.1 Unarmed Combat
 + Level 3.2 Spellcasting
 + Level 2.6 Conjurations
 + Level 2.6 Hexes
 + Level 2.6 Charms
 + Level 2.6 Summonings
 + Level 2.6 Necromancy
 + Level 2.6 Translocations
 + Level 2.6 Transmutations
 + Level 2.6 Fire Magic
 + Level 2.6 Ice Magic
 + Level 2.6 Air Magic
 + Level 2.6 Earth Magic
 + Level 2.6 Poison Magic
 + Level 3.5 Invocations
 + Level 4.1 Evocations


You had 13 spell levels left.
You didn't know any spells.
Your spell library was empty.

Dungeon Overview and Level Annotations

Branches:
Dungeon (5/15)             Temple (1/1) D:4

Altars:
Ashenzari
Cheibriados
Dithmenos
Elyvilon
Fedhas
Gozag
Hepliaklqana
Kikubaaqudgha
Makhleb
Nemelex Xobeh
Okawaru
Qazlal
Ru
Sif Muna
Trog
Uskayaw
Vehumet
Wu Jian
Xom
Yredelemnul
Zin
The Shining One

Shops:
D:4 [

Annotations:
D:3 1 runed translucent door


Innate Abilities, Weirdness & Mutations

Your experience applies equally to all skills.
You have very sharp teeth.
Your uncanny sense of smell can sniff out nearby items.


Message History

You are no longer poisoned.
The hornet corpse isn't edible.
The hornet corpse isn't edible.
An ogre comes into view. It is wielding a +0 giant spiked club.
The ogre shouts!
The ogre completely misses you.
You hit the ogre. You freeze the ogre.
The ogre is moderately wounded.
You feel yourself speed up.
The ogre hits you with a +0 giant spiked club!!
* * * LOW HITPOINT WARNING * * *
Some of the chunks of flesh in your inventory have rotted away.
Your plate armour prevents you from hitting the ogre.
You bite the ogre, but do no damage.
The ogre is moderately wounded.
The ogre closely misses you.
You hit the ogre. You freeze the ogre. You bite the ogre.
The ogre is moderately wounded.
The ogre hits you with a +0 giant spiked club!!
You die...

####..# ##.#
#.....# ...## .#
#.##..# #.)# .#
......# #.####.#.#
......#
โˆ†#......#.#
......##
##.######.#
#.###..#####..# .#
..#
##........######.#
###
##<......รท.@O...#
#.###.###########
#.# ##.# #.# #..
## ### โˆ† โˆ†


You could see an ogre.

Vanquished Creatures
  A hornet (D:5)
  A hippogriff (D:5)
  An ice beast (D:2)
  4 ogres
  A scorpion (D:4)
  A howler monkey (D:4)
  A crimson imp (D:2)
  An orc wizard (D:4)
  An orc priest (D:3)
  A hound (D:4)
  9 adders
  2 adder skeletons (D:5)
  3 worms
  2 dart slugs (D:3)
  4 leopard geckos
  9 orcs
  3 ball pythons
  11 bats
  2 giant cockroaches
  5 goblins
  8 hobgoblins
  10 jackals
  5 kobolds
  A quokka (D:2)
  4 frilled lizards
  16 rats
107 creatures vanquished.

Notes
Turn   | Place    | Note
-------+----------+-------------------------------------------
     0 | D:1      | ReteAZ the Gnoll Wanderer began the quest for the Orb.
     0 | D:1      | ReteAZ set off with the following items: a +0 mace, a
                  | potion of haste, a scroll of fear, a potion of
                  | lignification, a +0 robe, a ration
     0 | D:1      | Reached XP level 1. HP: 26/26 MP: 2/2
    98 | D:1      | Reached XP level 2. HP: 33/33 MP: 3/3
   671 | D:2      | Reached XP level 3. HP: 38/38 MP: 4/4
   786 | D:2      | Reached skill level 1 in Short Blades
   786 | D:2      | Reached skill level 1 in Long Blades
   786 | D:2      | Reached skill level 1 in Axes
   786 | D:2      | Reached skill level 1 in Polearms
   786 | D:2      | Reached skill level 1 in Staves
   786 | D:2      | Reached skill level 1 in Slings
   786 | D:2      | Reached skill level 1 in Bows
   786 | D:2      | Reached skill level 1 in Crossbows
   786 | D:2      | Reached skill level 1 in Throwing
   786 | D:2      | Reached skill level 1 in Stealth
   786 | D:2      | Reached skill level 1 in Spellcasting
   786 | D:2      | Reached skill level 1 in Invocations
   786 | D:2      | Reached XP level 4. HP: 33/45 MP: 4/6
   928 | D:2      | Noticed an ice beast
   954 | D:2      | Killed an ice beast
   954 | D:2      | Reached skill level 1 in Conjurations
   954 | D:2      | Reached skill level 1 in Hexes
   954 | D:2      | Reached skill level 1 in Charms
   954 | D:2      | Reached skill level 1 in Summonings
   954 | D:2      | Reached skill level 1 in Necromancy
   954 | D:2      | Reached skill level 1 in Translocations
   954 | D:2      | Reached skill level 1 in Transmutations
   954 | D:2      | Reached skill level 1 in Fire Magic
   954 | D:2      | Reached skill level 1 in Ice Magic
   954 | D:2      | Reached skill level 1 in Air Magic
   954 | D:2      | Reached skill level 1 in Earth Magic
   954 | D:2      | Reached skill level 1 in Poison Magic
   954 | D:2      | Reached XP level 5. HP: 22/51 MP: 4/7
  1843 | D:3      | Reached XP level 6. HP: 49/57 MP: 8/8
  2220 | D:3      | Found a runed translucent door.
  2220 | D:3      | Found a basalt altar of Yredelemnul.
  2220 | D:3      | Noticed a human
  2832 | D:4      | Found Qyphimm's Armour Shoppe.
  2892 | D:4      | Reached XP level 7. HP: 62/63 MP: 10/10
  2963 | D:4      | Found a white marble altar of Elyvilon.
  3251 | D:4      | Found a staircase to the Ecumenical Temple.
  3337 | Temple   | Entered the Ecumenical Temple
  3404 | Temple   | Became a worshipper of Cheibriados the Contemplative
  3427 | D:5      | Entered Level 5 of the Dungeon
  3486 | D:5      | Reached skill level 9 in Fighting
  3690 | D:5      | Noticed a hippogriff
  3691 | D:5      | Noticed a hornet
  3712 | D:5      | Killed a hornet
  3712 | D:5      | Reached XP level 8. HP: 23/71 MP: 5/12
  3718 | D:5      | Killed a hippogriff
  3741 | D:5      | Mangled by an ogre

Levels and vault maps discovered:
D:1:      dpeg_arrival_pond, layout_basic, hex_large
D:2:      layout_basic
D:3:      layout_basic, dk_yredelemnul_ordeal
D:4:      layout_gridville, overflow_temple_1_default,
          minmay_temple_entry_purple_smoke, first_ration, serial_shops,
          shop_statue
D:5:      layout_loops_ring, st_stairs_12, minmay_misc_feat_ornament,
          minmay_misc_feat_room, kennysheep_decorative_pillar,
          minmay_manual_maat, uniq_eustachio
Temple:   dpeg_three_leaves_temple

Skill      XL: |  1  2  3  4  5  6  7 |
---------------+----------------------+-----
Short Blades   | 1 2 3 |  3.2
Long Blades    | 1 2 3 |  3.2
Axes           | 1 2 3 |  3.2
Polearms       | 1 2 3 |  3.2
Staves         | 1 2 3 |  3.2
Slings         | 1 2 3 |  3.2
Bows           | 1 2 3 |  3.2
Crossbows      | 1 2 3 |  3.2
Throwing       | 1 2 3 |  3.2
Stealth        | 1 2 3 |  3.2
Spellcasting   | 1 2 3 |  3.2
Invocations    | 1 2 3 |  3.5
Maces & Flails | 3 4 |  4.1
Armour         | 3 4 |  4.1
Dodging        | 3 4 |  4.1
Shields        | 3 4 |  4.1
Unarmed Combat | 3 4 |  4.1
Conjurations   | 1 2 |  2.6
Hexes          | 1 2 |  2.6
Charms         | 1 2 |  2.6
Summonings     | 1 2 |  2.6
Necromancy     | 1 2 |  2.6
Translocations | 1 2 |  2.6
Transmutations | 1 2 |  2.6
Fire Magic     | 1 2 |  2.6
Ice Magic      | 1 2 |  2.6
Air Magic      | 1 2 |  2.6
Earth Magic    | 1 2 |  2.6
Poison Magic   | 1 2 |  2.6
Evocations     | 3 4 |  4.1
Fighting       | 9 |  9.1

Action                   |  1- 3 |  4- 6 |  7- 9 || total
-------------------------+-------+-------+-------++-------
Melee: Mace              |   115 |   139 |       ||   254
       Bite              |    14 |    24 |    20 ||    58
       Punch             |     1 |     2 |     2 ||     5
       Hand axe          |       |    95 |    68 ||   163
  Use: Potion            |       |       |     5 ||     5
  Eat: Chunk             |       |     7 |     3 ||    10
Armor: Plate armour      |   110 |   223 |    79 ||   412
       Robe              |     2 |       |       ||     2
Dodge: Dodged            |    32 |    86 |    40 ||   158

Table legend:
 A = Non-vault XP
 B = Vault XP
 C = Vault XP percentage of total XP
 D = Non-vault monster count
 E = Vault monster count
 F = Vault count percentage of total count
                 A         B        C        D         E       F
            +---------+---------+-------+---------+---------+-------
      Total |    1165 |     529 |  31.2 |     103 |       4 |   3.7
            +---------+---------+-------+---------+---------+-------
        D:1 |      32 |       0 |   0.0 |      23 |       0 |   0.0
        D:2 |     258 |       0 |   0.0 |      29 |       0 |   0.0
        D:3 |     146 |       0 |   0.0 |      32 |       0 |   0.0
        D:4 |     461 |       0 |   0.0 |      12 |       0 |   0.0
        D:5 |     268 |     529 |  66.4 |       7 |       4 |  36.4
            +---------+---------+-------+---------+---------+-------
